 Dungeon Crawl Stone Soup version 0.26.1-11-gd32895ea62 (webtiles) character file.

Game seed: 3374927439548968846

47 MisterFreud the Ruffian (level 3, -3/36 HPs)
             Began as a Troll Monk on May 4, 2021.
             Slain by a goblin
             ... wielding a +0 club
             ... led by Robin
              (7 damage)
             ... on level 2 of the Dungeon.
             The game lasted 00:01:18 (823 turns).

MisterFreud the Ruffian (Troll Monk)                 Turns: 823, Time: 00:01:19

Health: -3/36      AC:  6    Str: 19    XL:     3   Next: 48%
Magic:  2/2        EV: 10    Int:  6    God:
Gold:   67         SH:  0    Dex: 13    Spells: 2/2 levels left

rFire    . . .     SeeInvis .     - Unarmed
rCold    . . .     Faith    .   (no shield)
rNeg     . . .     Spirit   .   a - +0 robe
rPois    .         Reflect  .   (helmet restricted)
rElec    .         Harm     .   (no cloak)
rCorr    .         Rampage  .   (gloves unavailable)
Will     +....                  (boots unavailable)
Stlth    ++........             (no amulet)
HPRegen  0.52/turn              m - ring of willpower
MPRegen  0.08/turn              (no ring)

@: no status effects
A: large, unfitting armour, claws 3, regeneration 1, shaggy fur 1, tough skin 3
a: no special abilities


You were on level 2 of the Dungeon.
You visited 1 branch of the dungeon, and saw 2 of its levels.

You collected 67 gold pieces.

Inventory:

Missiles
 l - 6 poisoned darts (quivered)
Armour
 a - a +0 robe (worn)
Jewellery
 m - a ring of willpower (left claw)
Scrolls
 b - a scroll of teleportation {unknown}
 c - 2 scrolls of identify {unknown}
 e - 3 scrolls of remove curse {unknown}
 f - a scroll of fog {unknown}
 h - 2 scrolls of fear {unknown}
 j - a scroll of magic mapping {unknown}
Potions
 d - 2 potions of lignification {unknown}
 g - a potion of magic {unknown}
 i - a potion of degeneration {unknown}
 k - 2 potions of flight {unknown}


   Skills:
 - Level 2.4 Fighting
 - Level 2.4 Dodging
 - Level 1.0 Stealth
 + Level 4.5 Unarmed Combat


You had 2 spell levels left.
You didn't know any spells.
Your spell library was empty.

Dungeon Overview and Level Annotations

Branches:
Dungeon (2/15)

Altars:
Ashenzari
Fedhas
Kikubaaqudgha
Xom
The Shining One

Annotations:
D:2 Robin


Innate Abilities, Weirdness & Mutations

You are too large for most types of armour.
You have claws for hands.
Your natural rate of healing is unusually fast.
You are covered in fur. (AC +1)
You have extremely tough skin. (AC +3)


Message History

Robin roars a battlecry!
The goblins go into a battle-frenzy!
The hobgoblin hits you but does no damage.
You hear a shout!
You scratch the hobgoblin.
The hobgoblin is moderately wounded.
The jackal bites you. The goblin hits you but does no damage.
The goblin closely misses you.
Robin drinks a potion.
Robin flickers and vanishes!
Deactivating autopickup; reactivate with Ctrl-A.
The hobgoblin hits you.
* * * LOW HITPOINT WARNING * * *
The jackal bites you but does no damage.
You scratch the hobgoblin.
You kill the hobgoblin!
The goblin closely misses you. The goblin hits you with a +0 club!
* * * LOW HITPOINT WARNING * * *
The jackal bites you but does no damage.
The goblin hits you with a +0 club!
You die...

#.##.####### #..........#
#..........#
#..........####
###....##........
.......##........ ...h
................. .g...
.............##### g.g..
...#............@## .g.g.#
...#.#..........gg# .g....
...............lh.##......
...#.#.##.....(..gg..g....
...+.)....................
...#.#.#....##............
.....#........#...........
.....#........#......$....
.....#................#...


You could see a jackal, a hobgoblin (strong), 3 goblins and a frilled lizard.

Vanquished Creatures
  A worm (D:2)
  A dart slug (D:1)
  2 leopard geckos
  5 bats
  2 giant cockroaches
  13 goblins
  6 hobgoblins
  A frilled lizard (D:1)
  3 kobolds
  2 rats (D:2)
36 creatures vanquished.

Notes
Turn   | Place    | Note
-------+----------+-------------------------------------------
     0 | D:1      | MisterFreud the Troll Monk began the quest for the Orb.
     0 | D:1      | Reached XP level 1. HP: 22/22 MP: 0/0
    59 | D:1      | Reached XP level 2. HP: 25/29 MP: 1/1
   282 | D:1      | Reached skill level 4 in Unarmed Combat
   524 | D:1      | Found a hazy altar of Hepliaklqana.
   526 | D:1      | Found an iron altar of Okawaru.
   526 | D:1      | Found a broken altar of Ashenzari.
   528 | D:1      | Found a glowing golden altar of the Shining One.
   528 | D:1      | Found a shimmering altar of Xom.
   528 | D:1      | Found a blossoming altar of Fedhas.
   608 | D:2      | Reached XP level 3. HP: 36/36 MP: 2/2
   765 | D:2      | Found an ancient bone altar of Kikubaaqudgha.
   799 | D:2      | Noticed Robin
   823 | D:2      | Slain by a goblin

Illustrated notes

Levels and vault maps discovered:
D:1:      lightli_arrival_noodles, layout_basic, doesnt_xom_only_xom
D:2:      layout_basic, lemuel_doored_altar, uniq_robin

Skill      XL: |  1  2 |
---------------+-------+-----
Unarmed Combat | 4 |  4.5
Fighting       | |  2.4
Dodging        | |  2.4
Stealth        | |  1.0

Action                   || total
-------------------------++-------
Melee: Unarmed           ||    94
       Punch             ||     1
 Stab: Sleeping          ||     2
Armor: Robe              ||    53
Dodge: Dodged            ||    67
